 Dungeon Crawl Stone Soup version 0.23-a0-819-g6debee6 (console) character file.

20475 Duffy the Spry (level 12, 30/68 HPs)
             Began as a Deep Elf Fire Elementalist on Jan 22, 2019.
             Was an Elder of Vehumet.
             Quit the game in a Gauntlet.
             The game lasted 00:24:06 (17042 turns).

Duffy the Spry (Deep Elf Fire Elementalist)        Turns: 17042, Time: 00:24:06

Health: 30/68      AC:  7    Str:  5    XL:     12   Next: 45%
Magic:  30/30      EV: 23    Int: 26    God:    Vehumet [****..]
Gold:   878        SH:  0    Dex: 15    Spells: 17/36 levels left

rFire    . . .     SeeInvis .   c - 15 rations
rCold    . . .     Gourm    .   (no shield)
rNeg     . . .     Faith    .   J - +0 steam dragon scales
rPois    .         Spirit   .   M - +1 hat
rElec    .         Reflect  .   x - +0 cloak
rCorr    .         Harm     +   (no gloves)
MR       +....     NoTele   +   (no boots)
Stlth    ++++......             f - amulet of harm
HPRegen  0.21/turn              y - ring of stealth (curse)
MPRegen  0.22/turn              D - ring of stealth

@: studying Dodging
A: no striking features
a: Renounce Religion


You were in a Gauntlet.
You worshipped Vehumet.
Vehumet was greatly pleased with you.
You were not hungry.

You visited 3 branches of the dungeon, and saw 14 of its levels.
You also visited: Gauntlet.

You collected 878 gold pieces.

Inventory:

Armour
 x - a +0 cloak (worn)
 J - +0 steam dragon scales (worn)
 M - a +1 hat (worn)
Jewellery
 f - an amulet of harm (around neck)
 y - a cursed ring of stealth (left hand)
 B - an uncursed amulet of the acrobat {unknown}
 D - a ring of stealth (right hand)
Wands
 t - a wand of enslavement (5)
 A - a wand of polymorph (4)
 C - a wand of paralysis (16)
 E - a wand of scattershot (4)
 F - a wand of iceblast (6)
Scrolls
 a - a scroll of enchant armour {unknown}
 b - 4 scrolls of remove curse {unknown}
 d - 2 scrolls of fear {unknown}
 e - 12 scrolls of identify {unknown}
 i - 2 scrolls of random uselessness {unknown}
 l - a scroll of magic mapping {unknown}
 m - 6 scrolls of blinking {unknown}
 n - 3 scrolls of noise {unknown}
 o - 4 scrolls of teleportation {unknown}
 r - 5 scrolls of amnesia {unknown}
 s - a scroll of fog {unknown}
 z - a scroll of brand weapon {unknown}
 G - 2 scrolls of enchant weapon {unknown}
 H - a scroll of summoning {unknown}
 N - a scroll of immolation {unknown}
Potions
 g - 7 potions of might {unknown}
 h - a potion of mutation
 j - a potion of flight {unknown}
 k - 2 potions of brilliance {unknown}
 p - 2 potions of agility {unknown}
 q - 2 potions of degeneration {unknown}
 v - 2 potions of haste {unknown}
 w - 2 potions of heal wounds {unknown}
 I - 3 potions of cancellation {unknown}
 K - a potion of invisibility {unknown}
 L - 2 potions of lignification {unknown}
 O - 2 potions of curing {unknown}
Books
 u - a manual of Dodging
Comestibles
 c - 15 rations (in hand)


   Skills:
 - Level 5.0 Fighting
 + Level 15.6 Dodging
 - Level 2.4 Stealth
 + Level 12.9 Spellcasting
 - Level 10.0 Conjurations
 + Level 6.3 Charms
 - Level 10.0 Fire Magic
 + Level 4.4 Air Magic


You had 17 spell levels left.
You knew the following spells:

 Your Spells              Type           Power        Failure   Level  Hunger
h - Flame Tongue          Conj/Fire      #####        1%          1    None
j - Sticky Flame          Conj/Fire      ######..     1%          4    None
k - Fireball              Conj/Fire      ######....   1%          5    ###....
l - Conjure Flame         Conj/Fire      ######..     1%          3    None
m - Deflect Missiles      Chrm/Air       #####.....   50%         6    #####..

Your spell library contained the following spells:

 Spells                   Type           Power        Failure   Level  Hunger
 Force Lance              Conj/Tloc      #####...     1%          4    None
 Throw Flame              Conj/Fire      ######       1%          2    None
 Dazzling Spray           Conj/Hex       #####.       1%          3    None
 Inner Flame              Hex/Fire       #####...     1%          3    None
 Corona                   Hex            ###....      3%          1    None
 Ensorcelled Hibernation  Hex/Ice        ###...       5%          2    None
 Slow                     Hex            ###.....     5%          2    None
 Confuse                  Hex            ###.....     11%         3    None
 Portal Projectile        Hex/Tloc       ###...       11%         3    None
 Tukima's Dance           Hex            ###.....     11%         3    None
 Yara's Violent Unravell  Hex/Tmut       ###.......   24%         5    ###....
 Cause Fear               Hex            ###.......   34%         4    None
 Leda's Liquefaction      Hex/Erth       ###.......   34%         4    None
 Silence                  Hex/Air        ####......   36%         5    ###....
 Discord                  Hex            ###.......   100%        8    #######


Dungeon Overview and Level Annotations

Branches:
Dungeon (10/15)            Temple (1/1) D:5            Lair (3/6) D:9
  Swamp: Lair:2-4    Shoals: Lair:2-4     Snake: Lair:2-4    Spider: Lair:2-4
    Orc: D:9-12

Altars:
Ashenzari
Cheibriados
Dithmenos
Elyvilon
Fedhas
Gozag
Hepliaklqana
Kikubaaqudgha
Makhleb
Nemelex Xobeh
Okawaru
Qazlal
Ru
Sif Muna
Trog
Uskayaw
Vehumet
Wu Jian
Xom
Yredelemnul
Zin
The Shining One

Annotations:
Gauntlet 13 transporters


Message History

You see here a scale mail.
There is a transporter here.
You enter the transporter and appear at another place.
The neqoxec shouts!
There is a transporter here.
You enter the transporter and appear at another place.
The catoblepas bellows!
The molten gargoyle blasts magma at you!
The bolt of magma misses you. The catoblepas gores you!!
Ouch! That really hurt!
Okay, then.
Okay, then.
Casting: Fireball (safe; 1% risk of failure)
Confirm with . or Enter, or press ? or * to list all spells.
Aiming: Fireball (safe; 1% risk of failure)
Press: ? - help, Shift-Dir - straight line, f - molten gargoyle
Aim: a molten gargoyle, wielding a +0 flail
Okay, then.
Unknown command.
Are you sure you want to abandon this character and quit the game? (Confirm with "yes".)

######..#.#[.#..##..#.#..#########
........#.#.^##..#..#.#.........8#
........#.#.....#.3*#.#..........##
#########.###########.#########....
#^........#.........#........^#....
#########.###########.#############
.##.Z##.#.#9........#.#.#....^[...#
.#.####.#.#..##.##9.#.#.#.#...#.#.#
..##..#.#.#"#..#Y@#.#.#.#.###...#.#
.#..#.#.#.#.#..#^.#.#.#.#...###...#
#..####.#^#^.#####9.#0#.#.#..^#.#.#
####.##.###$#..#..#9###.#.###...#.#
###..##...#?#..#..#.#...#...###...#
.Z#Z###...#..##9##..#...#.#...###.#
)ZZ#Z##...#.........#...#.........#
#######...###########...###########
.............................^.....


You could see a catoblepas, a wretched star, a neqoxec, a molten gargoyle and 2
gargoyles.

Vanquished Creatures
  Gastronok (Lair:1)
  Harold (D:7)
  3 hydras (Lair:2)
  Joseph (D:9)
  2 black mambas
  Maurice (D:9)
  3 spiny frogs
  Psyche (D:9)
  3 komodo dragons
  A kobold demonologist (D:8)
  An ice devil (Gauntlet)
  3 polar bears (D:10)
  5 blink frogs (Lair:1)
  2 hippogriffs
  2 redbacks (Lair:3)
  3 wyverns
  A steam dragon (D:10)
  3 basilisks
  2 wraiths (D:10)
  15 yaks
  2 hungry ghosts
  6 water moccasins
  3 orc warriors
  5 porcupines
  A meliai simulacrum (D:10)
  A swamp drake (D:9)
  3 sky beasts
  5 ice beasts
  A black bear (D:9)
  A phantom (D:5)
  2 ogres
  A wolf (D:10)
  3 centaurs
  10 crocodiles
  3 big kobolds
  7 bullfrogs
  3 scorpions
  11 killer bees
  3 wights (D:8)
  An electric eel (D:10)
  A howler monkey (D:10)
  5 hounds
  A jelly (D:8)
  8 orc priests
  An iguana (D:8)
  8 orc wizards
  7 worker ants
  A hound skeleton (D:9)
  A hound zombie (D:5)
  A worker ant zombie (D:6)
  16 adders
  7 gnolls
  7 shadow imps
  6 white imps
  An ufetubus (D:10)
  An adder skeleton (D:5)
  3 worms (D:3)
  6 dart slugs
  3 leopard geckos
  19 orcs
  8 bats
  8 giant cockroaches
  3 hobgoblins
  17 kobolds
  5 quokkas
  4 ball pythons
  7 frilled lizards
  6 goblins
  2 quokka skeletons
  11 rats
300 creatures vanquished.

Vanquished Creatures (collateral kills)
  A crimson imp (D:6)
  A kobold (D:8)
2 creatures vanquished.

Vanquished Creatures (others)
  2 big kobolds (D:8)
  A withered plant (Gauntlet)
3 creatures vanquished.

Grand Total: 305 creatures vanquished

Notes
Turn   | Place    | Note
-------+----------+-------------------------------------------
     0 | D:1      | Duffy the Deep Elf Fire Elementalist began the quest for
                  | the Orb.
     0 | D:1      | Reached XP level 1. HP: 10/10 MP: 6/6
   401 | D:1      | Reached XP level 2. HP: 15/15 MP: 5/8
   767 | D:1      | You fall through a shaft!
   853 | D:1      | Reached XP level 3. HP: 19/19 MP: 6/9
   858 | D:1      | Learned a level 3 spell: Conjure Flame
  1225 | D:2      | Found a transporter.
  1229 | D:2      | Found a transporter.
  1237 | D:2      | Noticed a killer bee
  1239 | D:2      | Found a shadowy altar of Dithmenos.
  1239 | D:2      | Found a bloodstained altar of Trog.
  1239 | D:2      | Found an ornate altar of the Wu Jian Council.
  1417 | D:2      | Found a shimmering altar of Xom.
  1467 | D:2      | Reached XP level 4. HP: 24/24 MP: 2/11
  1475 | D:2      | Learned a level 4 spell: Sticky Flame
  1915 | D:2      | Found a sacrificial altar of Ru.
  2423 | D:3      | Reached XP level 5. HP: 16/28 MP: 6/13
  2821 | D:3      | Found a glowing golden altar of the Shining One.
  3299 | D:4      | Noticed an ogre
  3318 | D:4      | Killed an ogre
  3318 | D:4      | Reached skill level 5 in Spellcasting
  3318 | D:4      | Reached XP level 6. HP: 32/32 MP: 2/15
  3325 | D:4      | Learned a level 5 spell: Fireball
  4071 | D:5      | Entered Level 5 of the Dungeon
  4087 | D:5      | Noticed an ice beast
  4095 | D:5      | Killed an ice beast
  4095 | D:5      | Reached skill level 1 in Fighting
  4095 | D:5      | Reached skill level 3 in Dodging
  4140 | D:5      | Reached skill level 4 in Dodging
  4140 | D:5      | Reached XP level 7. HP: 39/39 MP: 10/16
  4583 | D:5      | Reached skill level 5 in Dodging
  4753 | D:5      | Found a staircase to the Ecumenical Temple.
  4803 | Temple   | Entered the Ecumenical Temple
  5056 | Temple   | Became a worshipper of Vehumet
  5245 | D:6      | Found a stormy altar of Qazlal.
  5412 | D:6      | Reached skill level 6 in Dodging
  5412 | D:6      | Reached XP level 8. HP: 47/47 MP: 13/17
  5571 | D:6      | You fall through a shaft for 3 floors!
  5726 | D:9      | Noticed Psyche
  5876 | D:8      | Found a hide-covered altar of Uskayaw.
  5971 | D:9      | Noticed Joseph
  6235 | D:6      | Reached skill level 5 in Fighting
  6359 | D:6      | Reached skill level 5 in Conjurations
  6374 | D:6      | Reached skill level 5 in Fire Magic
  7772 | D:7      | Noticed Harold
  7826 | D:8      | Reached * piety under Vehumet
  7826 | D:8      | Offered knowledge of Sandblast by Vehumet.
  7961 | D:8      | Reached skill level 7 in Dodging
  8045 | D:8      | Noticed a kobold demonologist
  8053 | D:8      | Reached XP level 9. HP: 54/54 MP: 17/20
  8059 | D:8      | Killed a kobold demonologist
  8088 | D:8      | Reached skill level 8 in Dodging
  8603 | D:8      | Reached skill level 9 in Dodging
  9114 | D:9      | Reached skill level 10 in Dodging
  9114 | D:9      | Reached XP level 10. HP: 59/59 MP: 0/24
  9302 | D:9      | Killed Joseph
  9581 | D:9      | Killed Psyche
  9581 | D:9      | Offered knowledge of Magic Dart by Vehumet.
  9768 | D:9      | Reached ** piety under Vehumet
  9901 | D:9      | Reached skill level 11 in Dodging
  9994 | D:9      | Found a sparkling altar of Nemelex Xobeh.
  9994 | D:9      | Found a white marble altar of Elyvilon.
 10008 | D:9      | Noticed Maurice
 10012 | D:9      | Killed Maurice
 10542 | D:9      | Found a staircase to the Lair.
 10622 | D:9      | Reached skill level 10 in Spellcasting
 10797 | D:9      | Found a burning altar of Makhleb.
 10941 | D:7      | Offered knowledge of Ignite Poison by Vehumet.
 10941 | D:7      | Reached skill level 12 in Dodging
 10949 | D:7      | Killed Harold
 11246 | D:2      | Reached *** piety under Vehumet
 11475 | D:10     | Entered Level 10 of the Dungeon
 11571 | D:10     | Reached XP level 11. HP: 39/63 MP: 14/27
 12529 | D:10     | Offered knowledge of Throw Icicle by Vehumet.
 12865 | D:10     | Learned a level 6 spell: Deflect Missiles
 12909 | D:10     | Found a hazy altar of Hepliaklqana.
 13026 | D:10     | Reached skill level 13 in Dodging
 13594 | Lair:1   | Entered Level 1 of the Lair of Beasts
 14050 | Lair:1   | Reached **** piety under Vehumet
 14050 | Lair:1   | Reached skill level 10 in Conjurations
 14051 | Lair:1   | Reached skill level 10 in Fire Magic
 14059 | Lair:1   | Offered knowledge of Force Lance by Vehumet.
 14059 | Lair:1   | Reached skill level 14 in Dodging
 14229 | Lair:1   | Noticed Gastronok
 14235 | Lair:1   | Killed Gastronok
 14235 | Lair:1   | Reached skill level 1 in Air Magic
 14825 | Lair:2   | Noticed a seven-headed hydra
 14840 | Lair:2   | Killed a seven-headed hydra
 14840 | Lair:2   | Reached XP level 12. HP: 17/68 MP: 1/30
 15114 | Lair:2   | Noticed a four-headed hydra
 15124 | Lair:2   | Killed a four-headed hydra
 15127 | Lair:2   | Reached skill level 15 in Dodging
 15252 | Lair:2   | Reached skill level 5 in Charms
 15459 | Lair:2   | Noticed a four-headed hydra
 15462 | Lair:2   | Killed a four-headed hydra
 16302 | Lair:3   | Found a gate leading to a gauntlet.
 16311 | Gauntlet | Entered a Gauntlet
 16311 | Gauntlet | Found a transporter.
 16311 | Gauntlet | Found a transporter.
 16644 | Gauntlet | Found a transporter.
 16644 | Gauntlet | Found a transporter.
 16655 | Gauntlet | Found a transporter.
 16661 | Gauntlet | Noticed a catoblepas
 16662 | Gauntlet | Found a transporter.
 16670 | Gauntlet | Found a transporter.
 16672 | Gauntlet | Found a transporter.
 16672 | Gauntlet | Found a transporter.
 16672 | Gauntlet | Noticed a ghost crab
 16676 | Gauntlet | Found a transporter.
 16697 | Gauntlet | Found the amulet of the Four Winds {rN+ MR+++ Clar}
 16700 | Gauntlet | Found a transporter.
 16719 | Gauntlet | Noticed a death ooze
 16740 | Gauntlet | Found a transporter.
 16755 | Gauntlet | Found a transporter.
 16771 | Gauntlet | Found a transporter.
 16867 | Gauntlet | Found a transporter.
 16883 | Gauntlet | Found a transporter.
 17042 | Gauntlet | Quit the game

Vault maps used:
D:1:      psy_arrival_spokes
D:2:      gammafunk_temple_overflow_arena, old_standard_altar,
          overflow_temple_1_default, wad_floor_pattern_1, minmay_ruptured
D:3:      tso_oasis_becter
D:4:      serial_glass, glass_columns_a, glass_columns_b, glass_columns_a,
          glass_columns_c, glass_columns_c, glass_columns_c
D:5:      minmay_temple_entry_large_hall, first_ration,
          kennysheep_generic_room_8
D:6:      grunt_qazlal_sundering, minmay_manual_macuahuitl
D:7:      uniq_harold
D:8:      basic_altar
D:9:      makhleb_heckhound_becter, gammafunk_temple_overflow_statue,
          erik_lair_dragon, uniq_psyche, uniq_maurice, uniq_joseph
D:10:     basic_altar, serial_ice, serial_ice_k, serial_ice_c, serial_ice_g,
          serial_ice_a, serial_ice_h, serial_ice_m
Temple:   hc_temple_tempest_star
Lair:1:   st_stairs_10, uniq_gastronok
Lair:2:   grunt_megastairs_5, lemuel_fruit_fields
Lair:3:   minmay_shoals_entry_hut, nicolae_spider_entry_tight_spaces,
          gauntlet_entry_generic, minmay_holes, lemuel_fruit_tree
Gauntlet: gammafunk_gauntlet_branching

Skill      XL: |  1  2  3  4  5  6  7  8  9 10 11 12 |
---------------+-------------------------------------+-----
Conjurations   | 2 3 4 5 7 9 10 | 10.0
Spellcasting   | 4 5 6 8 10 12 | 12.9
Fire Magic     | 4 5 7 9 10 | 10.0
Fighting       | 1 3 5 |  5.0
Dodging        | 4 6 7 10 12 14 15 | 15.6
Charms         | 4 6 |  6.3
Air Magic      | 2 4 |  4.4
Stealth        | |  2.4

Action                   |  1- 3 |  4- 6 |  7- 9 | 10-12 || total
-------------------------+-------+-------+-------+-------++-------
 Cast: Flame Tongue      |    61 |   109 |   179 |   193 ||   542
       Conjure Flame     |       |     2 |     4 |     4 ||    10
       Sticky Flame      |       |     1 |    11 |    29 ||    41
       Fireball          |       |       |     6 |   100 ||   106
Evoke: Wand              |       |       |    27 |     3 ||    30
  Eat: Chunk             |     1 |     9 |     8 |    20 ||    38
       Ration            |       |       |     3 |     5 ||     8
Armor: Robe              |     4 |     3 |     8 |     3 ||    18
       Steam dragon scal |       |       |       |     4 ||     4
Dodge: Dodged            |    18 |    22 |    80 |   102 ||   222

Table legend:
 A = Non-vault XP
 B = Vault XP
 C = Vault XP percentage of total XP
 D = Non-vault monster count
 E = Vault monster count
 F = Vault count percentage of total count
                 A         B        C        D         E       F
            +---------+---------+-------+---------+---------+-------
      Total |   20091 |    9160 |  31.3 |     260 |      44 |  14.5
            +---------+---------+-------+---------+---------+-------
        D:1 |      30 |       0 |   0.0 |      21 |       0 |   0.0
        D:2 |      78 |      93 |  54.4 |      24 |       6 |  20.0
        D:3 |     116 |       0 |   0.0 |      22 |       0 |   0.0
        D:4 |     319 |       0 |   0.0 |      19 |       0 |   0.0
        D:5 |     494 |     234 |  32.1 |       7 |       2 |  22.2
        D:6 |     457 |      94 |  17.1 |      18 |       4 |  18.2
        D:7 |     363 |    1028 |  73.9 |      10 |       1 |   9.1
        D:8 |    2370 |       0 |   0.0 |      32 |       0 |   0.0
        D:9 |    2763 |    2387 |  46.3 |      36 |       9 |  20.0
       D:10 |    1764 |    1672 |  48.7 |      27 |      12 |  30.8
     Lair:1 |    4820 |    2354 |  32.8 |      24 |       2 |   7.7
     Lair:2 |    5787 |     499 |   7.9 |      18 |       2 |  10.0
     Lair:3 |     730 |     418 |  36.4 |       2 |       2 |  50.0
   Gauntlet |       0 |     381 | 100.0 |       0 |       4 | 100.0
            +---------+---------+-------+---------+---------+-------
